 Dungeon Crawl Stone Soup version 0.25-a0-566-g062765be81 (webtiles) character file.

Game seed: 9739483052643471823, levelgen mode: deterministic

119710 Flugslaktarn the Severer (level 15, -4/127 HPs)
             Began as a Deep Dwarf Fighter on Feb 28, 2020.
             Was the Champion of Makhleb.
             Slain by a tyrant leech (20 damage)
             ... on level 2 of the Swamp.
             The game lasted 00:14:01 (14212 turns).

Flugslaktarn the Severer (Deep Dwarf Fighter)      Turns: 14212, Time: 00:14:02

Health: -4/127     AC: 26    Str: 30 (31) XL:     15   Next: 98%
Magic:  0/0        EV:  9    Int:  2 (13) God:    Makhleb [******]
Gold:   1215       SH: 18    Dex: 12      Spells: 14/14 levels left

rFire    . . .     SeeInvis .   a - +0 war axe
rCold    + + .     Gourm    .   c - +0 kite shield
rNeg     + . .     Faith    .   B - +4 chain mail
rPois    +         Spirit   .   (no helmet)
rElec    .         Reflect  .   y - +2 cloak
rCorr    .         Harm     .   O - +2 pair of gloves
MR       ++...                  A - +1 pair of boots
Stlth    ..........             C - amulet "Dakyzxun" {Acrobat rC+}
HPRegen  0.00/turn              j - +6 ring of slaying
MPRegen  0.07/turn              M - ring "Werghatzag" {rPois rC+ Str+4 Int+5}

@: non-regenerating
A: damage resistance, heal wounds, large bone plates 1, frail 1, negative energy
resistance 1, sense surroundings 2, no regeneration
}: 1/15 runes: gossamer
a: Heal Wounds, Minor Destruction, Lesser Servant of Makhleb, Major Destruction,
Greater Servant of Makhleb, Renounce Religion


You were on level 2 of the Swamp.
You worshipped Makhleb.
Makhleb was exalted by your worship.
You were not hungry.

You visited 5 branches of the dungeon, and saw 27 of its levels.
You also visited: Ossuary and Gauntlet.

You collected 1215 gold pieces.

Inventory:

Hand Weapons
 a - a +0 war axe (weapon)
 D - a +1 scimitar of flaming
   (You took it off Erica on level 9 of the Dungeon)
Missiles
 f - 2 throwing nets (quivered)
Armour
 c - a +0 kite shield (worn)
 y - a +2 cloak (worn)
   (You found it on level 10 of the Dungeon)
 A - a +1 pair of boots (worn)
   (You found it on level 5 of the Dungeon)
 B - a +4 chain mail (worn)
   (You found it on level 5 of the Dungeon)
 O - a +2 pair of gloves (worn)
   (You found it on level 15 of the Dungeon)
Jewellery
 j - a +6 ring of slaying (left hand)
   (You found it on level 9 of the Dungeon)
 o - an uncursed ring of poison resistance
   (You found it on level 2 of the Lair of Beasts)
 v - a +4 ring of evasion
   (You found it on level 13 of the Dungeon)
 C - the amulet "Dakyzxun" (around neck) {Acrobat rC+}
   (You found it on level 6 of the Dungeon)

   [amulet of the acrobat]

   It helps you evade while moving and waiting.
   It protects you from cold.
 K - an uncursed ring of ice
   (You found it on level 10 of the Dungeon)
 M - the ring "Werghatzag" (right hand) {rPois rC+ Str+4 Int+5}
   (You acquired it on level 4 of the Spider Nest)

   [ring of intelligence]

   It affects your strength (+4).
   It affects your intelligence (+5).
   It protects you from cold.
   It protects you from poison.
Wands
 l - a wand of enslavement (8)
   (You found it on level 6 of the Dungeon)
 m - a wand of acid (32)
   (You found it on level 7 of the Dungeon)
 x - a wand of clouds (9)
   (You found it in an ossuary)
 H - a wand of iceblast (13)
   (You found it on level 8 of the Dungeon)
Scrolls
 b - a scroll of brand weapon
 g - 4 scrolls of magic mapping
 p - 13 scrolls of remove curse
 r - a scroll of identify
 t - 3 scrolls of teleportation
 z - 5 scrolls of blinking
 G - 4 scrolls of immolation
 I - a scroll of fog
 J - a scroll of enchant armour
 L - 2 scrolls of enchant weapon
 N - a scroll of holy word
 Q - a scroll of silence
 R - a scroll of fear
Potions
 d - 3 potions of might
 h - 3 potions of haste
 i - 3 potions of lignification
 k - 3 potions of berserk rage
 n - 2 potions of resistance
 q - 3 potions of curing
 s - 2 potions of invisibility
 u - a potion of ambrosia
 w - 5 potions of heal wounds
 F - a potion of brilliance
 P - 10 potions of flight
Comestibles
 e - 37 rations


   Skills:
 + Level 11.5 Fighting
 * Level 17.8 Axes
 + Level 13.4 Armour
 + Level 13.4 Shields
 + Level 13.9 Invocations


You had 14 spell levels left.
You didn't know any spells.
Your spell library was empty.

Dungeon Overview and Level Annotations

Branches:
Dungeon (15/15)            Temple (1/1) D:6            Lair (5/6) D:10
  Swamp (2/4) Lair:4       Spider (4/4) Lair:3          Orc (0/2) D:9
 Vaults (0/5) D:14         Depths (0/5) D:15        Ossuary (visited)
Gauntlet (visited)
  Slime: Lair:5-6

Altars:
Dithmenos
Elyvilon
Fedhas
Gozag
Makhleb
Nemelex Xobeh
Qazlal
Ru
Trog
Uskayaw
Wu Jian
Xom
Yredelemnul
The Shining One
Lugonu

Shops:
D:7 (   D:15 }

Annotations:
D:14 2 transporters, exclusion: ice statue, Iruovid's ghost, journeyman TrTm


Innate Abilities, Weirdness & Mutations

You are resistant to damage.
You can heal yourself by infusing magical energy.
You resist negative energy. (rN+)
You passively map the area around you.
You do not regenerate.
You are partially covered in large bone plates. (SH +4)
You are frail. (-10% HP)


Message History

The tyrant leech draws strength from your injuries!
You slice the tyrant leech!!
The tyrant leech is severely wounded.
You closely miss the tyrant leech.
The tyrant leech is severely wounded.
The tyrant leech bites you but does no damage.
You barely miss the tyrant leech.
The tyrant leech is severely wounded.
You block the tyrant leech's attack.
You slash the tyrant leech!
The tyrant leech is almost dead.
You slash the tyrant leech!
The tyrant leech is almost dead.
You block the tyrant leech's attack.
You closely miss the tyrant leech.
The tyrant leech is almost dead.
You closely miss the tyrant leech.
The tyrant leech is almost dead.
The tyrant leech bites you!!
You die...

*≈..≈≈≈≈≈≈≈ , ,
,≈≈ *,.§≈≈≈≈≈≈.
,, ≈ .≈.≈≈≈.♣♣♣≈
,≈ * ≈.≈≈≈..≈♣♣*
♣♣♣♣...≈≈..♣♣♣♣*
♣≈.....≈≈≈≈....
, ,
♣.≈≈...≈≈≈≈.≈≈≈≈
♣≈≈....<≈≈≈≈≈≈≈
≈ ≈ ≈
♣≈≈♣.@.≈≈≈≈≈≈≈≈
≈≈ ♣.w≈≈≈≈≈≈≈≈≈
,, ♣♣≈.≈≈≈≈≈...
* , ≈.≈...>≈♣♣.
,* ,....≈≈≈≈≈♣ ≈
<.§≈.≈≈≈.♣♣ *
*♣..≈≈..♣♣♣♣ ≈
*≈≈≈.♣♣♣ * *, *
** , ≈ ≈≈


You could see a tyrant leech.

Vanquished Creatures
  Arachne (Spider:4)
  Frances (Swamp:1)
  An emperor scorpion (Spider:2)
  An ironheart preserver (D:14)
  An entropy weaver (Spider:3)
  A dire elephant (D:15)
  5 spark wasps
  A hydra (Swamp:1)
  A shambling mangrove (Swamp:1)
  Erica (D:9)
  A death knight (D:14)
  3 death yaks (Lair:3)
  4 centaur warriors
  3 two-headed ogres
  2 tengu warriors (D:14)
  Nergalle (Lair:1)
  The ghost of FrozenTrovador the Summoner, a novice MfSu of Hepliaklqana (D:10)
  3 unseen horrors
  A wizard (D:15)
  16 wolf spiders
  5 orb spiders
  7 ugly things
  A salamander (D:15)
  4 deep elf magi
  A wolf spider zombie (D:14)
  9 slime creatures
  5 elephants (Lair:4)
  A cyclops (D:15)
  4 black mambas
  3 centaur zombies
  Maurice (D:8)
  4 centaur skeletons
  A torpor snail (Spider:4)
  2 gargoyles
  A rime drake (Lair:1)
  Maggie (D:10)
  5 spiny frogs
  12 demonic crawlers
  4 komodo dragons
  13 jumping spiders
  A queen bee (Spider:4)
  6 meliai
  A polar bear (shapeshifter) (D:14)
  2 tyrant leeches (Swamp:1)
  5 hornets
  4 trolls
  8 hippogriffs
  A raiju (shapeshifter) (D:14)
  2 bog bodies (Lair:4)
  8 blink frogs
  39 redbacks
  2 shadows (D:13)
  A spriggan (D:8)
  4 wyverns
  2 wraiths (Ossuary)
  3 hungry ghosts
  16 tarantellas
  52 yaks
  A steam dragon (D:11)
  13 vampire mosquitoes
  4 basilisks
  A warg (D:9)
  Edmund (D:6)
  3 swamp worms (Lair:4)
  2 soldier ants
  An acid dragon (D:14)
  7 water moccasins
  7 porcupines
  3 ice beasts
  A swamp drake (Swamp:1)
  7 orc warriors
  A hornet zombie (D:15)
  4 sky beasts
  2 black bears
  5 ogres
  6 phantoms
  9 boggarts (D:14)
  16 centaurs
  5 crocodiles
  2 big kobolds (D:12)
  11 bullfrogs
  A wyvern zombie (D:14)
  2 wyvern skeletons
  6 scorpions
  19 killer bees
  15 wights
  5 howler monkeys
  2 electric eels
  2 crimson imps
  9 hounds
  2 bullfrog zombies
  12 orc priests
  2 iguanas
  3 jellies
  19 orc wizards
  13 worker ants
  2 hound zombies
  A hound skeleton (D:4)
  4 gnolls (D:4)
  5 adders
  A shadow imp (D:14)
  An ooze (D:2)
  3 adder zombies
  4 leopard geckos
  49 orcs
  2 giant cockroaches
  2 hobgoblins (D:2)
  16 jackals
  5 quokkas
  A ball python (D:5)
  3 ball python skeletons
  2 frilled lizards
  8 goblins
  2 hobgoblin skeletons (Ossuary)
  A hobgoblin zombie (Ossuary)
  9 kobolds
  A leopard gecko skeleton (D:4)
  An orc skeleton (Ossuary)
  2 quokka skeletons
  A quokka zombie (D:9)
  2 rats (D:2)
  2 rat zombies (D:5)
  A fungus (Lair:1)
  4 plants (D:10)
649 creatures vanquished.

Vanquished Creatures (collateral kills)
  3 emperor scorpions (Spider:4)
  6 ghost moths (Spider:4)
  An entropy weaver (Spider:4)
  5 hydras
  Urug (Lair:3)
  A wolf spider (Spider:4)
  A wolf spider zombie (D:14)
  4 orb spiders (Spider:4)
  3 hornets (Spider:4)
  2 jumping spiders (Spider:4)
  5 redbacks (Spider:4)
  A yak (D:14)
  4 tarantellas (Spider:4)
37 creatures vanquished.

Vanquished Creatures (others)
  A komodo dragon (Swamp:1)
  2 demonic plants (Gauntlet)
  7 plants (D:10)
10 creatures vanquished.

Grand Total: 696 creatures vanquished

Notes
Turn   | Place    | Note
-------+----------+-------------------------------------------
     0 | D:1      | Flugslaktarn the Deep Dwarf Fighter began the quest for the
                  | Orb.
     0 | D:1      | Reached XP level 1. HP: 20/20 MP: 1/1
   124 | D:2      | Reached XP level 2. HP: 21/27 MP: 2/2
   212 | D:3      | Found a stormy altar of Qazlal.
   278 | D:4      | Reached skill level 3 in Axes
   278 | D:4      | Reached XP level 3. HP: 22/34 MP: 3/3
   286 | D:4      | Reached XP level 4. HP: 32/42 MP: 4/4
   300 | D:4      | Reached skill level 4 in Axes
   324 | D:4      | Reached XP level 5. HP: 43/49 MP: 4/4
   338 | D:4      | Noticed an ogre
   346 | D:4      | Killed an ogre
   391 | D:4      | Found an ornate altar of the Wu Jian Council.
   404 | D:4      | Reached XP level 6. HP: 53/56 MP: 5/5
   618 | D:4      | Reached skill level 5 in Axes
   836 | D:4      | Reached XP level 7. HP: 32/64 MP: 5/5
   983 | D:5      | Entered Level 5 of the Dungeon
  1004 | D:5      | Found a shadowy altar of Dithmenos.
  1044 | D:5      | Reached skill level 5 in Armour
  1044 | D:5      | Reached skill level 5 in Shields
  1054 | D:5      | Found a sand-covered staircase.
  1063 | Ossuary  | Entered an ossuary
  1159 | Ossuary  | Noticed a wraith
  1159 | Ossuary  | Noticed a flying skull
  1169 | Ossuary  | Noticed a flying skull
  1170 | Ossuary  | Noticed a flying skull
  1188 | Ossuary  | Noticed a flying skull
  1198 | Ossuary  | Noticed a wraith
  1204 | Ossuary  | Killed a wraith
  1204 | Ossuary  | Reached skill level 6 in Axes
  1218 | Ossuary  | Noticed a wraith
  1245 | Ossuary  | Killed a wraith
  1253 | Ossuary  | Noticed a flying skull
  1277 | Ossuary  | Reached XP level 8. HP: 38/73 MP: 5/5
  1440 | D:5      | Reached skill level 7 in Axes
  1544 | D:5      | Reached skill level 5 in Fighting
  2097 | D:6      | Found a basalt altar of Yredelemnul.
  2127 | D:6      | Got a warped lead amulet
  2163 | D:6      | Reached skill level 8 in Axes
  2212 | D:6      | Found a staircase to the Ecumenical Temple.
  2223 | D:6      | Noticed Edmund
  2236 | D:6      | Killed Edmund
  2245 | Temple   | Entered the Ecumenical Temple
  2246 | Temple   | Identified the amulet "Dakyzxun" {Acrobat rC+} (You found
                  | it on level 6 of the Dungeon)
  2355 | Temple   | Became a worshipper of Makhleb the Destroyer
  2749 | D:6      | Gained mutation: You passively map the area around you.
                  | [Deep Dwarf growth]
  2749 | D:6      | Reached XP level 9. HP: 47/81 MP: 4/4
  2770 | D:7      | Reached skill level 1 in Invocations
  2921 | D:7      | You fall into a shaft and drop 3 floors!
  2921 | D:10     | Entered Level 10 of the Dungeon
  2978 | D:10     | Noticed Maggie
  3017 | D:10     | Killed Maggie
  3346 | D:9      | Reached skill level 9 in Axes
  3369 | D:9      | Reached * piety under Makhleb
  3370 | D:9      | Noticed Erica
  3418 | D:9      | Killed Erica
  3451 | D:9      | Found a staircase to the Orcish Mines.
  3485 | D:9      | Reached XP level 10. HP: 73/92 MP: 6/6
  3563 | D:9      | Reached skill level 10 in Axes
  3749 | D:8      | Found a blossoming altar of Fedhas.
  3890 | D:8      | Noticed a two-headed ogre
  3917 | D:8      | Noticed Maurice
  3928 | D:8      | Killed a two-headed ogre
  3928 | D:8      | Reached skill level 5 in Invocations
  3960 | D:8      | Killed Maurice
  4233 | D:7      | Found Noat's Antique Weapon Shoppe.
  4502 | D:9      | Reached skill level 11 in Axes
  4569 | D:9      | Reached ** piety under Makhleb
  4638 | D:9      | Found a burning altar of Makhleb.
  4868 | D:10     | Found a large runed translucent door.
  4869 | D:10     | Found a large runed translucent door.
  4872 | D:10     | Noticed FrozenTrovador's ghost (novice MfSu)
  4900 | D:10     | Found a staircase to the Lair.
  4962 | D:10     | Killed FrozenTrovador's ghost
  4962 | D:10     | Reached XP level 11. HP: 87/100 MP: 6/6
  5078 | D:11     | Noticed a white ugly thing
  5097 | D:11     | Killed a white ugly thing
  5388 | D:11     | Reached *** piety under Makhleb
  5445 | D:11     | Reached skill level 12 in Axes
  5665 | D:12     | Noticed a two-headed ogre
  5671 | D:12     | Killed a two-headed ogre
  5695 | D:12     | Noticed a deep elf mage
  5713 | D:12     | Killed a deep elf mage
  6221 | D:12     | Noticed a deep elf mage
  6251 | D:12     | Killed a deep elf mage
  6351 | D:13     | Killed an unseen horror
  6354 | D:13     | Reached **** piety under Makhleb
  6374 | D:13     | Reached XP level 12. HP: 109/110 MP: 7/7
  6411 | D:13     | Reached skill level 10 in Armour
  6452 | D:13     | Noticed a centaur warrior
  6464 | D:13     | Reached skill level 13 in Axes
  6473 | D:13     | Killed a centaur warrior
  6473 | D:13     | Reached skill level 10 in Shields
  6628 | D:13     | Reached ***** piety under Makhleb
  6901 | D:14     | Found a corrupted altar of Lugonu.
  6964 | D:14     | Noticed a centaur warrior
  6976 | D:14     | Killed a centaur warrior
  6977 | D:14     | Reached skill level 10 in Invocations
  7000 | D:14     | Noticed a tengu warrior
  7033 | D:14     | Killed a tengu warrior
  7033 | D:14     | Reached skill level 14 in Axes
  7139 | D:14     | Noticed a tengu warrior
  7140 | D:14     | Reached XP level 13. HP: 116/121 MP: 7/7
  7215 | D:14     | Found a gate to the Vaults.
  7215 | D:14     | Noticed an ironheart preserver
  7240 | D:14     | Killed an ironheart preserver
  7761 | D:14     | Found a transporter.
  7764 | D:14     | Noticed Iruovid's ghost (journeyman TrTm)
  7991 | D:14     | Found a transporter.
  8352 | D:15     | Entered Level 15 of the Dungeon
  8610 | D:15     | Reached skill level 15 in Axes
  8807 | D:15     | Found a staircase to the Depths.
  8807 | D:15     | Noticed a dire elephant
  8838 | D:15     | Killed a dire elephant
  8875 | D:15     | Found Inirchene's Gadget Shop.
  8975 | D:15     | Found a shimmering altar of Xom.
  9375 | Lair:1   | Entered Level 1 of the Lair of Beasts
  9535 | Lair:1   | Found a gate leading to a gauntlet.
  9547 | Gauntlet | Entered a Gauntlet
  9547 | Gauntlet | Found a transporter.
  9547 | Gauntlet | Found a transporter.
  9548 | Gauntlet | Found a transporter.
  9548 | Gauntlet | Found a transporter.
  9551 | Gauntlet | Found a transporter.
  9551 | Gauntlet | Found a transporter.
  9563 | Gauntlet | Found a transporter.
  9565 | Gauntlet | Found a transporter.
  9574 | Gauntlet | Noticed a reaper
  9575 | Gauntlet | Found a transporter.
  9584 | Gauntlet | Found a transporter.
  9601 | Gauntlet | Found a transporter.
  9605 | Gauntlet | Found a transporter.
  9779 | Lair:1   | Noticed Nergalle
  9794 | Lair:1   | Killed Nergalle
  9923 | Lair:2   | Gained mutation: You resist negative energy. (rN+) [Deep
                  | Dwarf growth]
  9923 | Lair:2   | Reached XP level 14. HP: 130/130 MP: 7/7
  9947 | Lair:2   | Reached skill level 10 in Fighting
 10836 | Lair:3   | Noticed Urug
 10849 | Lair:3   | Killed Urug
 10853 | Lair:3   | Found a hole to the Spider Nest.
 11194 | Lair:3   | Gained mutation: Armour fits poorly on your strangely
                  | shaped body. [potion of mutation]
 11194 | Lair:3   | Gained mutation: Your spells are a little easier to cast,
                  | but a little less powerful. [potion of mutation]
 11194 | Lair:3   | Gained mutation: You are agile. (Dex +2) [potion of
                  | mutation]
 11196 | Lair:3   | Lost mutation: Armour fits poorly on your strangely shaped
                  | body. [potion of mutation]
 11196 | Lair:3   | Lost mutation: Your spells are a little easier to cast, but
                  | a little less powerful. [potion of mutation]
 11196 | Lair:3   | Lost mutation: You are agile. (Dex +2) [potion of mutation]
 11196 | Lair:3   | Gained mutation: You have sharp fingernails. [potion of
                  | mutation]
 11196 | Lair:3   | Gained mutation: Your magical capacity is low. (-10% MP)
                  | [potion of mutation]
 11196 | Lair:3   | Gained mutation: You have large cloven feet. [potion of
                  | mutation]
 11197 | Lair:3   | Lost mutation: Your magical capacity is low. (-10% MP)
                  | [potion of mutation]
 11197 | Lair:3   | Lost mutation: You have large cloven feet. [potion of
                  | mutation]
 11197 | Lair:3   | Lost mutation: You have sharp fingernails. [potion of
                  | mutation]
 11197 | Lair:3   | Gained mutation: You are frail. (-10% HP) [potion of
                  | mutation]
 11197 | Lair:3   | Gained mutation: You are partially covered in large bone
                  | plates. (SH +4) [potion of mutation]
 11512 | Lair:4   | Found a staircase to the Swamp.
 11661 | Lair:4   | Reached skill level 16 in Axes
 11669 | Lair:4   | Reached ****** piety under Makhleb
 12262 | Spider:1 | Entered Level 1 of the Spider Nest
 12719 | Spider:2 | Reached XP level 15. HP: 52/126 MP: 8/8
 13121 | Spider:3 | Reached skill level 17 in Axes
 13144 | Spider:4 | Entered Level 4 of the Spider Nest
 13322 | Spider:4 | HP: 6/126 [meliai/divine providence (14)]
 13504 | Spider:4 | Noticed Arachne
 13504 | Spider:4 | Paralysed by a hornet for 2 turns
 13616 | Spider:4 | Killed a ghost moth
 13635 | Spider:4 | Killed a ghost moth
 13639 | Spider:4 | Killed a ghost moth
 13645 | Spider:4 | Lost intelligence.
 13655 | Spider:4 | Killed Arachne
 13664 | Spider:4 | Killed a ghost moth
 13666 | Spider:4 | Killed a ghost moth
 13684 | Spider:4 | Killed a ghost moth
 13815 | Spider:4 | Got a gossamer rune of Zot
 13818 | Spider:4 | Identified a scroll of acquirement
 13826 | Spider:4 | Identified the ring "Werghatzag" {rPois rC+ Str+4 Int+5}
                  | (You acquired it on level 4 of the Spider Nest)
 13826 | Spider:4 | Identified the +1 cloak of Civeh {rC- Int+5} (You acquired
                  | it on level 4 of the Spider Nest)
 14033 | Swamp:1  | Entered Level 1 of the Swamp
 14073 | Swamp:1  | Noticed Frances
 14096 | Swamp:1  | HP: 2/127 [Frances/shard of ice (25)]
 14103 | Swamp:1  | Killed Frances
 14212 | Swamp:2  | Slain by a tyrant leech

Levels and vault maps discovered:
D:1:      moated_graveyard_arrival, layout_basic
D:2:      layout_basic
D:3:      layout_basic, nicolae_qazlal_general_emergency, roderic_lattice_a,
          minmay_misc_feat_doors, minmay_randomly_rotated_circles, uniq_sigmund
D:4:      layout_loops_cross, kennysheep_mini, uniq_crazy_yiuf_cottage
D:5:      layout_basic, first_ration, enter_ossuary_4, basic_altar
D:6:      layout_rooms, yredelemnul_altar_generic, minmay_temple_entry_hall,
          minmay_ogre_servants, uniq_edmund
D:7:      layout_cave_pools, serial_shops, nicolae_shop_waterfront
D:8:      layout_layer_cave, fedhas_altar_2, the_bakery, uniq_maurice
D:9:      layout_long_grid, erik_orc_4, basic_altar, uniq_erica
D:10:     layout_basic, david_lair_shrubbed, ebering_ghost_disaster_area,
          uniq_maggie
D:11:     layout_gridville
D:12:     layout_irregular_city
D:13:     layout_cave_pools
D:14:     minmay_statue_hallways, layout_layer_cave,
          skrybe_vaults_entry_preservation, gammafunk_ghost_stat_death,
          tgw_lugonu_bribe
D:15:     hangedman_depths_entry_try_elsewhere_first, layout_long_grid,
          serial_shops, shop, chequers_serial_rivers_micro_e, basic_altar
Temple:   regret_index_temple_mists
Lair:1:   dragon1_lemuel, layout_regular_city, gauntlet_entry_generic,
          uniq_nergalle
Lair:2:   layout_small_grid, grunt_megastairs_1
Lair:3:   layout_hall_layers, spider_nest_entry_web_field, uniq_urug
Lair:4:   layout_hall_layers, nicolae_swamp_entry_splash_gauntlet,
          lemuel_fruit_tree, grunt_megastairs_3
Lair:5:   layout_cave_pods, slime_altar_1, grunt_megastairs_2
Swamp:1:  layout_falls_marsh, evilmike_swamp_ruin_house_4,
          infiniplex_staircase_pool, uniq_jorgrun, uniq_frances
Swamp:2:  layout_basic_swamp, hangedman_swamp_ruin_wall,
          nicolae_swamp_feature_on_the_river_bank
Spider:1: layout_spider_delve
Spider:2: layout_spider_delve, nicolae_spider_ant_collections
Spider:3: layout_spider_delve
Spider:4: johnstein_spider_rune_arachne_lair, nicolae_looking_at_the_future,
          uniq_arachne

Skill      XL: |  1  2  3  4  5  6  7  8  9 10 11 12 13 14 15 |
---------------+----------------------------------------------+-----
Fighting       | 3 4 5 6 7 8 9 10 11 | 11.5
Axes           | 3 4 5 6 8 9 11 12 14 15 16 17 | 17.8
Armour         | 4 5 6 7 8 9 10 11 12 13 | 13.4
Shields        | 4 5 6 7 8 9 10 11 12 13 | 13.4
Invocations    | 4 6 8 10 11 12 13 | 13.9

Action                   |  1- 3 |  4- 6 |  7- 9 | 10-12 | 13-15 || total
-------------------------+-------+-------+-------+-------+-------++-------
Melee: War axe           |    66 |    82 |   435 |   760 |  1376 ||  2719
Invok: Lesser Servant of |       |       |       |       |     9 ||     9
       Greater Servant o |       |       |       |       |     6 ||     6
 Abil: Heal Wounds       |     2 |     4 |    25 |    16 |    40 ||    87
Evoke: Wand              |       |       |       |       |     2 ||     2
  Use: Scroll            |       |       |    13 |     8 |    16 ||    37
       Potion            |       |       |       |     1 |    12 ||    13
 Stab: Distracted        |       |       |       |       |     7 ||     7
       Invisible         |       |       |       |       |    16 ||    16
  Eat: Chunk             |       |       |    10 |    21 |    20 ||    51
       Ration            |       |       |       |       |     2 ||     2
Armor: Scale mail        |    33 |    35 |    63 |       |       ||   131
       Chain mail        |       |       |   145 |   484 |  1133 ||  1762
Dodge: Dodged            |    27 |    26 |   108 |   212 |   574 ||   947
Block: Kite shield       |    44 |    55 |   263 |   522 |  1366 ||  2250

Table legend:
 A = Non-vault XP
 B = Vault XP
 C = Vault XP percentage of total XP
 D = Non-vault monster count
 E = Vault monster count
 F = Vault count percentage of total count
                 A         B        C        D         E       F
            +---------+---------+-------+---------+---------+-------
      Total |  111992 |   40451 |  26.5 |     542 |     140 |  20.5
            +---------+---------+-------+---------+---------+-------
        D:1 |       2 |       0 |   0.0 |       2 |       0 |   0.0
        D:2 |      16 |       0 |   0.0 |       8 |       0 |   0.0
        D:3 |      16 |       0 |   0.0 |       3 |       0 |   0.0
        D:4 |     813 |       0 |   0.0 |      28 |       0 |   0.0
        D:5 |     586 |       2 |   0.3 |      37 |       2 |   5.1
        D:6 |     587 |     300 |  33.8 |      17 |       9 |  34.6
        D:7 |     594 |       0 |   0.0 |      16 |       0 |   0.0
        D:8 |    1897 |     665 |  26.0 |      16 |       2 |  11.1
        D:9 |    1476 |    1436 |  49.3 |      20 |      17 |  45.9
       D:10 |     924 |    1531 |  62.4 |       7 |       3 |  30.0
       D:11 |    4536 |       0 |   0.0 |      41 |       0 |   0.0
       D:12 |    3980 |       0 |   0.0 |      32 |       0 |   0.0
       D:13 |   11544 |       0 |   0.0 |      56 |       0 |   0.0
       D:14 |   16314 |    4081 |  20.0 |      56 |       9 |  13.8
       D:15 |    6839 |    2439 |  26.3 |      22 |       3 |  12.0
     Lair:1 |    2257 |     828 |  26.8 |      11 |       1 |   8.3
     Lair:2 |    5043 |     151 |   2.9 |      21 |       1 |   4.5
     Lair:3 |    7189 |     595 |   7.6 |      19 |       1 |   5.0
     Lair:4 |    6953 |    2647 |  27.6 |      24 |      13 |  35.1
     Lair:5 |    1798 |       0 |   0.0 |       8 |       0 |   0.0
    Swamp:1 |    3510 |    2016 |  36.5 |       7 |       1 |  12.5
   Spider:1 |    8724 |       0 |   0.0 |      27 |       0 |   0.0
   Spider:2 |   11653 |       0 |   0.0 |      25 |       0 |   0.0
   Spider:3 |   12932 |       0 |   0.0 |      33 |       0 |   0.0
   Spider:4 |    1809 |   23198 |  92.8 |       6 |      66 |  91.7
    Ossuary |       0 |     562 | 100.0 |       0 |      12 | 100.0
            +---------+---------+-------+---------+---------+-------
